Map: Dusk Towers

Players

uThermal - Winner!

  • Race: Terran Terran
  • League: Grandmaster

Lilbow

  • Race: Protoss Protoss

Event: Homestory Cup XII

VOD

Have the link to the VOD?

Description

Time

  • Played on: Dec. 18, 2015, 9:51 a.m.
  • Length: 16:42

All games in this series

Show
View Real Time Build Order
Export as new Build Order

uThermal Terran - Winner!

Build Orders: Liberator Opening, MMM Bio 

Get SALT Encoding   

  12  0:01  SCV  
  13  0:13  SCV  
  14  0:17  Supply Depot  
  14  0:25  SCV  
  15  0:39  SCV  
  15  0:40  Barracks  
  16  0:44  Refinery  
  16  0:51  SCV  
  17  1:03  SCV  
  18  1:15  SCV  
  19  1:27  Orbital Command  
  19  1:28  Barracks Reactor  
  19  1:40  Command Center  
  19  1:51  Supply Depot  
  19  1:53  SCV  
  20  2:05  SCV, Reaper x2  
  23  2:17  SCV  
  24  2:22  Barracks  
  24  2:24  Refinery  
  24  2:29  SCV  
  25  2:37  Marine  
  25  2:38  Marine  
  25  2:42  SCV  
  25  2:43  Factory  
  27  2:52  Orbital Command  
  27  2:54  SCV  
  27  2:57  Marine x2  
  30  3:07  SCV  
  30  3:15  Marine  
  30  3:16  Barracks Tech Lab  
  30  3:19  SCV  
  32  3:25  SCV  
  32  3:27  Factory Reactor, Starport  
  32  3:28  Marine  
  32  3:31  SCV  
  34  3:35  Refinery  
  34  3:39  Stimpack, Marine x2  
  36  3:42  SCV  
  36  3:44  SCV  
  38  3:49  Supply Depot, Marine  
  38  3:53  Liberator  
  38  3:54  SCV  
  40  3:56  SCV  
  40  3:58  Marine  
  40  3:59  Marine  
  43  4:04  Liberator  
  43  4:06  Marine  
  43  4:07  SCV  
  43  4:08  SCV  
  46  4:14  Supply Depot  
  49  4:21  Marine  
  49  4:22  Marine  
  54  4:30  Supply Depot  
  54  4:35  SCV x2  
  54  4:38  Liberator  
  56  4:39  Marine x3  
  56  4:44  Supply Depot  
  59  4:47  SCV x2  
  59  4:49  Liberator  
  61  4:58  Marine x3  
  67  5:00  SCV x2  
  67  5:03  Supply Depot  
  67  5:04  Supply Depot  
  72  5:12  SCV x2  
  74  5:22  Liberator  
  74  5:24  Command Center  
  74  5:26  SCV x2  
  76  5:31  Liberator  
  76  5:40  SCV  
  76  5:41  Marauder, Marine x2  
  84  5:49  Combat Shields, Refinery, Supply Depot  
  87  5:52  SCV  
  87  5:53  SCV  
  89  6:04  SCV  
  89  6:05  Liberator  
  89  6:08  Marine  
  89  6:09  Marauder, Marine  
  94  6:13  SCV, Engineering Bay x2  
  94  6:16  SCV  
  96  6:26  Marine x2  
  96  6:30  Marine  
  99  6:39  SCV x2, Orbital Command  
  98  6:41  Terran Infantry Weapons Level 1, Terran Infantry Armor Level 1  
  98  6:47  Liberator, Marine x2  
  100  6:58  Barracks  
  100  6:59  Barracks x2  
  100  7:00  SCV x2  
  102  7:05  Marine  
  106  7:11  Marine x2  
  108  7:18  Orbital Command, Liberator  
  108  7:19  SCV  
  108  7:20  Supply Depot x2  
  109  7:27  SCV  
  108  7:30  Marauder, Marine  
  111  7:41  Marine  
  112  7:47  Barracks Reactor, Barracks Tech Lab x2  
  112  7:49  Concussive Shells, Liberator  
  112  7:50  SCV  
  113  7:52  Marauder  
  113  7:55  Marine  
  113  7:59  Supply Depot, Marine  
  113  8:00  SCV x2  
  113  8:01  Liberator  
  116  8:11  SCV  
  118  8:12  SCV, Marine  
  118  8:16  Supply Depot  
  118  8:17  SCV  
  118  8:18  Armory  
  123  8:22  Marine x2  
  123  8:23  SCV, Marauder  
  128  8:29  Supply Depot  
  128  8:30  Supply Depot, Marine x2  
  128  8:32  Liberator  
  132  8:36  Marine  
  129  8:42  Marine x2  
  129  8:44  Marauder, Liberator  
  129  8:48  Armory, Marine  
  131  8:49  Marauder  
  131  8:51  Marine  
  131  8:54  Marauder  
  131  8:55  Supply Depot  
  140  9:00  Supply Depot, Marine x2  
  145  9:05  Refinery, Marauder  
  145  9:06  Marine  
  145  9:09  Marine  
  149  9:10  Marauder  
  149  9:15  Liberator  
  149  9:16  Marauder  
  150  9:18  Marine  
  150  9:21  Marine  
  149  9:24  Marine  
  149  9:27  Marine, Marauder  
  151  9:32  Marauder  
  151  9:37  Marauder  
  151  9:38  Liberator  
  153  9:42  Marine  
  153  9:43  Marine  
  153  9:44  Marine  
  148  9:48  Marauder, Marine  
  151  9:53  Marauder  
  151  9:58  Marauder, Liberator  
  151  9:59  Marine  
  147  10:01  Marine  
  147  10:02  Marine  
  131  10:09  Marauder  
  120  10:14  Marauder, Marine  
  120  10:17  Marine  
  120  10:18  Marine  
  120  10:20  Marauder, Marine  
  127  10:31  Marauder  
  127  10:32  Marine  
  127  10:36  Marauder  
  127  10:38  Medivac  
  127  10:41  Marauder  
Show
View Real Time Build Order
Export as new Build Order

Lilbow Protoss 

Build Orders: 1 Gate Expand 

Get SALT Encoding   

  12  0:01  Probe (Chrono Boost)  
  13  0:11  Probe (Chrono Boost)  
  14  0:16  Pylon  
  14  0:22  Probe (Chrono Boost)  
  15  0:35  Probe (Chrono Boost)  
  16  0:37  Gateway  
  16  0:41  Assimilator  
  16  0:45  Probe (Chrono Boost)  
  17  0:56  Probe (Chrono Boost)  
  18  1:06  Probe (Chrono Boost)  
  19  1:17  Nexus  
  19  1:27  Cybernetics Core  
  19  1:31  Assimilator  
  19  1:35  Probe (Chrono Boost)  
  20  1:42  Pylon  
  20  1:45  Probe (Chrono Boost)  
  21  1:56  Probe (Chrono Boost)  
  22  2:03  Adept  
  22  2:07  Mothership Core (Chrono Boost)  
  26  2:14  Warp Gate  
  26  2:25  Probe (Chrono Boost)  
  27  2:30  Probe (Chrono Boost)  
  27  2:36  Probe (Chrono Boost)  
  29  2:40  Probe (Chrono Boost)  
  29  2:42  Robotics Facility  
  30  2:46  Probe (Chrono Boost)  
  32  2:51  Probe (Chrono Boost)  
  32  2:57  Probe (Chrono Boost)  
  33  3:02  Probe (Chrono Boost), Gateway  
  34  3:06  Gateway  
  34  3:07  Probe (Chrono Boost)  
  34  3:12  Probe (Chrono Boost)  
  36  3:18  Probe (Chrono Boost)  
  36  3:23  Probe (Chrono Boost), Pylon  
  36  3:28  Probe (Chrono Boost)  
  36  3:30  Warp Prism  
  36  3:33  Probe (Chrono Boost)  
  40  3:39  Probe (Chrono Boost)  
  41  3:44  Robotics Bay  
  41  3:45  Probe (Chrono Boost)  
  42  3:49  Probe (Chrono Boost)  
  44  3:55  Probe (Chrono Boost)  
  44  3:56  Assimilator  
  44  4:00  Probe (Chrono Boost), Assimilator  
  45  4:06  Probe (Chrono Boost)  
  45  4:07  Observer (Chrono Boost)  
  47  4:10  Probe (Chrono Boost)  
  47  4:15  Probe (Chrono Boost)  
  47  4:16  Pylon  
  49  4:18  Pylon  
  49  4:21  Probe  
  50  4:25  Probe  
  50  4:27  Twilight Council, Forge  
  50  4:30  Pylon  
  52  4:31  Disruptor (Chrono Boost)  
  52  4:33  Probe  
  55  4:39  Gravitic Drive (Chrono Boost)  
  55  4:40  Probe  
  56  4:47  Stalker  
  58  5:00  Disruptor  
  58  5:04  Blink  
  61  5:08  Protoss Ground Weapons Level 1  
  61  5:14  Nexus  
  61  5:25  Stalker x2  
  61  5:26  Stalker  
  67  5:30  Photon Cannon  
  67  5:35  Pylon  
  64  5:50  Stalker  
  64  5:52  Stalker x2  
  57  6:21  Stalker x2  
  57  6:23  Probe  
  62  6:27  Stalker  
  62  6:28  Probe x2  
  66  6:35  Probe  
  66  6:38  Probe  
  64  6:40  Probe  
  66  6:51  Probe  
  66  6:53  Stalker  
  66  6:54  Stalker x2, Probe  
  71  6:55  Probe  
  72  7:02  Stargate  
  72  7:03  Probe  
  72  7:06  Pylon  
  72  7:07  Probe  
  67  7:36  Probe x3  
  63  7:40  Stalker x3  
  70  7:48  Probe x2, Phoenix  
  70  7:49  Probe  
  72  7:56  Disruptor  
  69  7:59  Probe  
  69  8:00  Probe x2  
  75  8:11  Probe (Chrono Boost)  
  75  8:12  Probe x2 (Chrono Boost)  
  76  8:13  Phoenix  
  76  8:17  Stalker x3  
  84  8:22  Probe (Chrono Boost)  
  84  8:23  Probe x2 (Chrono Boost)  
  87  8:33  Probe (Chrono Boost)  
  88  8:38  Phoenix  
  88  8:40  Probe x2 (Chrono Boost)  
  92  8:42  Disruptor  
  92  8:43  Probe (Chrono Boost)  
  96  8:50  Probe (Chrono Boost)  
  96  8:51  Stalker x3  
  96  8:52  Probe (Chrono Boost)  
  96  8:54  Probe (Chrono Boost), Assimilator  
  96  8:55  Pylon  
  105  8:57  Pylon  
  105  9:01  Probe (Chrono Boost)  
  106  9:05  Probe x2 (Chrono Boost)  
  108  9:18  Probe (Chrono Boost)  
  108  9:20  Stalker x3  
  108  9:21  Probe (Chrono Boost)  
  108  9:22  Disruptor  
  117  9:39  Probe (Chrono Boost)  
  98  10:09  Probe (Chrono Boost)  
  74  10:16  Stalker x3  
Tags
 
Add a new tag
Caveats
  • Supply blocks, unpowered buildings, or Contaminate may cause inaccurate times.
  • Supply counts are checked every 10 seconds.